NCAA
AUBURN TIGERS @ GEORGETOWN HOYAS
05/18/2030
 
TOP OF THE 1ST
Auburn Tigers batting - Pitching for Georgetown Hoyas : RHP Kevin Ewing
Pitching: RHP Kevin Ewing
Batting: LHB José Mendoza 0-0: Fly out, F7 (Flyball, 7)
Batting: LHB Armando Vázquez 0-0: Called Strike
0-1: Foul Ball, location: 2F
0-2: Ball
1-2: Ball
2-2: Strikes out looking
Batting: LHB Emmett Logan 0-0: Ball
1-0: Ball
2-0: Ball
3-0: Called Strike
3-1: Called Strike
3-2: Ground out 6-3 (Groundball, 6D)
Top of the 1st over - 0 runs, 0 hits, 0 errors, 0 left on base; Auburn 0 - Georgetown 0
BOTTOM OF THE 1ST
Georgetown Hoyas batting - Pitching for Auburn Tigers : LHP Román Louzao
Pitching: LHP Román Louzao
Batting: RHB Fred Mitchell 0-0: SINGLE (Flyball, 9LS)
Batting: RHB Vicente Correa 0-0: Ball
1-0: Foul Ball, location: 2F
1-1: Ball
2-1: SINGLE (Flyball, 7S)
Fred Mitchell to second
Batting: RHB José Díaz 0-0: Called Strike
0-1: Swinging Strike
0-2: Strikes out looking
Batting: LHB Robert Lucas 0-0: Ball
1-0: Fielders Choice at 2nd, 3-6 (Groundball, 3)
Fred Mitchell to third
Batting: RHB Ben Bradley 0-0: Ground out 6-3 (Groundball, 6S)
Bottom of the 1st over - 0 runs, 2 hits, 0 errors, 2 left on base; Auburn 0 - Georgetown 0
TOP OF THE 2ND
Auburn Tigers batting - Pitching for Georgetown Hoyas : RHP Kevin Ewing
Batting: LHB Ed Sorensen 0-0: Ball
1-0: Called Strike
1-1: Fly out, F5 (Popup, 5F)
Batting: RHB Ed McVinish 0-0: Called Strike
0-1: Ball
1-1: Foul Ball, location: 2F
1-2: Foul Ball, location: 2F
1-2: Ball
2-2: Ball
3-2: Foul Ball, location: 2F
3-2: Foul Ball, location: 2F
3-2: SINGLE (Groundball, 34D)
Batting: SHB Wayne Tressler 0-0: Called Strike
0-1: Foul Ball, location: 2F
0-2: Strikes out looking
Pitching: RHP Chris King
Batting: RHB Mike Brown 0-0: Ball
1-0: Swinging Strike
1-1: SINGLE (Groundball, 4MD)
Ed McVinish to second
Batting: LHB Jeremiah Harrison 0-0: Called Strike
0-1: Called Strike
0-2: Ground out 6-3 (Groundball, 6S)
Top of the 2nd over - 0 runs, 2 hits, 0 errors, 2 left on base; Auburn 0 - Georgetown 0
BOTTOM OF THE 2ND
Georgetown Hoyas batting - Pitching for Auburn Tigers : LHP Román Louzao
Batting: LHB Boyd Boone 0-0: Hit by Pitch
Batting: RHB Andrew Wolf 0-0: Ball
1-0: Ball
2-0: Called Strike
2-1: Ball
3-1: Base on Balls
Boyd Boone to second
Batting: LHB Doug Reed 0-0: Called Strike
0-1: Swinging Strike
0-2: Ball
1-2: Strikes out swinging
Batting: SHB Tommy Goodman 0-0: Ball
1-0: Fly out, F9 (Flyball, 89M)
Batting: RHB Fred Mitchell 0-0: Fly out, F8 (Flyball, 8RD)
Bottom of the 2nd over - 0 runs, 0 hits, 0 errors, 2 left on base; Auburn 0 - Georgetown 0
TOP OF THE 3RD
Auburn Tigers batting - Pitching for Georgetown Hoyas : RHP Chris King
Batting: LHB Julián Icaza 0-0: Foul Ball, location: 2F
0-1: Called Strike
0-2: Ball
1-2: Fly out, F8 (Flyball, 8RM)
Batting: LHB José Mendoza 0-0: Ball
1-0: Ball
2-0: Swinging Strike
2-1: Swinging Strike
2-2: Foul Ball, location: 2F
2-2: Ground out 5-3 (Groundball, 56)
Batting: LHB Armando Vázquez 0-0: Ball
1-0: Swinging Strike
1-1: Called Strike
1-2: Foul Ball, location: 2F
1-2: Ground out U3 (Groundball, 34)
Top of the 3rd over - 0 runs, 0 hits, 0 errors, 0 left on base; Auburn 0 - Georgetown 0
BOTTOM OF THE 3RD
Georgetown Hoyas batting - Pitching for Auburn Tigers : LHP Román Louzao
Batting: RHB Vicente Correa 0-0: Ball
1-0: Ball
2-0: Ball
3-0: Called Strike
3-1: Base on Balls
Batting: RHB José Díaz 0-0: Called Strike
0-1: Fly out, F8 (Line Drive, 78D)
Batting: LHB Robert Lucas 0-0: Ball
1-0: Ball
2-0: Ball
3-0: Base on Balls
Vicente Correa to second
Batting: RHB Ben Bradley 0-0: Ball
1-0: Called Strike
1-1: Called Strike
1-2: Ball
Passed Ball!
Vicente Correa to third
Robert Lucas to second
2-2: Strikes out swinging
Batting: LHB Boyd Boone 0-0: Ball
1-0: Ball
2-0: Ball
3-0: Base on Balls
Batting: RHB Andrew Wolf 0-0: Foul Ball, location: 2F
0-1: Fielders Choice at 2nd, 5-4 (Groundball, 5)
Bottom of the 3rd over - 0 runs, 0 hits, 0 errors, 3 left on base; Auburn 0 - Georgetown 0
TOP OF THE 4TH
Auburn Tigers batting - Pitching for Georgetown Hoyas : RHP Chris King
Batting: LHB Emmett Logan 0-0: Ball
1-0: Fly out, F8 (Flyball, 8LS)
Batting: LHB Ed Sorensen 0-0: Called Strike
0-1: Called Strike
0-2: Foul Ball, location: 2F
0-2: Ball
1-2: Ball
2-2: Ball
3-2: Foul Ball, location: 2F
3-2: Base on Balls
Batting: RHB Ed McVinish 0-0: Ball
1-0: Ball
2-0: Ball
3-0: Base on Balls
Ed Sorensen to second
Batting: SHB Wayne Tressler 0-0: Swinging Strike
0-1: Ball
1-1: Foul Ball, location: 2F
1-2: Strikes out swinging
Batting: RHB Mike Brown 0-0: Called Strike
0-1: Swinging Strike
0-2: Ball
1-2: Foul Ball, location: 2F
1-2: Ball
2-2: Strikes out looking
Top of the 4th over - 0 runs, 0 hits, 0 errors, 2 left on base; Auburn 0 - Georgetown 0
BOTTOM OF THE 4TH
Georgetown Hoyas batting - Pitching for Auburn Tigers : LHP Román Louzao
Batting: LHB Doug Reed 0-0: SINGLE (Line Drive, 9S)
Batting: SHB Tommy Goodman 0-0: Swinging Strike
0-1: Fly out, F9 (Flyball, 9S)
Batting: RHB Fred Mitchell 0-0: Called Strike
0-1: Ball
1-1: Fly out, F6 (Popup, 6S)
Batting: RHB Vicente Correa 0-0: Fielders Choice at 2nd, 5-4 (Groundball, 5L)
Bottom of the 4th over - 0 runs, 1 hit, 0 errors, 1 left on base; Auburn 0 - Georgetown 0
TOP OF THE 5TH
Auburn Tigers batting - Pitching for Georgetown Hoyas : RHP Chris King
Batting: LHB Jeremiah Harrison 0-0: Fly out, F8 (Flyball, 8RD)
Batting: LHB Julián Icaza 0-0: Swinging Strike
0-1: Ball
1-1: Foul Ball, location: 2F
1-2: Ball
2-2: Foul Ball, location: 2F
2-2: SINGLE (Groundball, 4MD)
Batting: LHB José Mendoza 0-0: Ball
1-0: Ball
2-0: Called Strike
2-1: Swinging Strike
2-2: Strikes out looking
Batting: LHB Armando Vázquez 0-0: Ball
1-0: Foul Ball, location: 2F
1-1: Ball
2-1: Swinging Strike
2-2: Foul Ball, location: 2F
2-2: Foul Ball, location: 2F
2-2: Fielders Choice at 2nd, 5-4 (Groundball, 56)
Top of the 5th over - 0 runs, 1 hit, 0 errors, 1 left on base; Auburn 0 - Georgetown 0
BOTTOM OF THE 5TH
Georgetown Hoyas batting - Pitching for Auburn Tigers : LHP Román Louzao
Batting: RHB José Díaz 0-0: Ball
1-0: Swinging Strike
1-1: Foul Ball, location: 2F
1-2: Ground out 6-3 (Groundball, 6)
Batting: LHB Robert Lucas 0-0: Swinging Strike
0-1: Foul Ball, location: 2F
0-2: Ball
1-2: Strikes out swinging
Batting: RHB Ben Bradley 0-0: Ball
1-0: Foul Ball, location: 2F
1-1: Reached on error, E3 (Groundball, 3)
Batting: LHB Boyd Boone 0-0: Swinging Strike
0-1: Ball
1-1: Ball
Wild Pitch!
Ben Bradley to second
2-1: Foul Ball, location: 2F
2-2: Foul Ball, location: 2F
2-2: Fly out, F7 (Line Drive, 78M)
Bottom of the 5th over - 0 runs, 0 hits, 1 error, 1 left on base; Auburn 0 - Georgetown 0
TOP OF THE 6TH
Auburn Tigers batting - Pitching for Georgetown Hoyas : RHP Chris King
Batting: LHB Emmett Logan 0-0: Ball
1-0: Swinging Strike
1-1: Called Strike
1-2: Foul Ball, location: 2F
1-2: Foul Ball, location: 2F
1-2: Ball
2-2: Foul Ball, location: 2F
2-2: Ball
3-2: Strikes out swinging
Pitching: RHP Siméon Goupil
Batting: LHB Ed Sorensen 0-0: Ground out U3 (Groundball, 3)
Batting: RHB Ed McVinish 0-0: Ground out 1-3 (Groundball, P)
Top of the 6th over - 0 runs, 0 hits, 0 errors, 0 left on base; Auburn 0 - Georgetown 0
BOTTOM OF THE 6TH
Georgetown Hoyas batting - Pitching for Auburn Tigers : LHP Román Louzao
Batting: RHB Andrew Wolf 0-0: Ball
1-0: Ball
2-0: Ball
3-0: Base on Balls
Batting: LHB Doug Reed 0-0: Called Strike
0-1: Ball
1-1: Swinging Strike
1-2: Grounds into double play, 5-4-3 (Groundball, 56)
Batting: SHB Tommy Goodman 0-0: Ball
1-0: Called Strike
1-1: Called Strike
1-2: Strikes out looking
Bottom of the 6th over - 0 runs, 0 hits, 0 errors, 0 left on base; Auburn 0 - Georgetown 0
TOP OF THE 7TH
Auburn Tigers batting - Pitching for Georgetown Hoyas : RHP Siméon Goupil
Batting: SHB Wayne Tressler 0-0: Ball
1-0: Called Strike
1-1: Foul Ball, location: 2F
1-2: Fly out, F9 (Flyball, 9S)
Batting: RHB Mike Brown 0-0: Called Strike
0-1: Foul Ball, location: 2F
0-2: Ball
1-2: Ball
2-2: Strikes out swinging
Batting: LHB Jeremiah Harrison 0-0: Called Strike
0-1: Called Strike
0-2: Foul Ball, location: 2F
0-2: Ball
1-2: SINGLE (Flyball, 78S)
Pinch Hitting: LHB Chester Flores 0-0: Foul Ball, location: 2F
0-1: Ball
1-1: Swinging Strike
1-2: Strikes out swinging
Top of the 7th over - 0 runs, 1 hit, 0 errors, 1 left on base; Auburn 0 - Georgetown 0
BOTTOM OF THE 7TH
Georgetown Hoyas batting - Pitching for Auburn Tigers : LHP Román Louzao
Pitching: RHP Dave Rogers
Now in CF: Terry Cochrane
Batting: RHB Fred Mitchell 0-0: Called Strike
0-1: Swinging Strike
0-2: Ball
1-2: Foul Ball, location: 2F
1-2: Ball
2-2: Ball
3-2: Strikes out swinging
Batting: RHB Vicente Correa 0-0: Ground out 4-3 (Groundball, 4)
Batting: RHB José Díaz 0-0: Hit by Pitch
Batting: LHB Robert Lucas 0-0: Fielders Choice at 2nd, 6-4 (Groundball, 6)
Bottom of the 7th over - 0 runs, 0 hits, 0 errors, 1 left on base; Auburn 0 - Georgetown 0
TOP OF THE 8TH
Auburn Tigers batting - Pitching for Georgetown Hoyas : RHP Siméon Goupil
Batting: LHB José Mendoza 0-0: Called Strike
0-1: Swinging Strike
0-2: Ball
1-2: Ground out 6-3 (Groundball, 6)
Batting: LHB Armando Vázquez 0-0: Ball
1-0: Foul Ball, location: 2F
1-1: Ball
2-1: Fly out, F1 (Line Drive, 13)
Batting: LHB Emmett Logan 0-0: Swinging Strike
0-1: Foul Ball, location: 2F
0-2: Ball
1-2: Strikes out looking
Top of the 8th over - 0 runs, 0 hits, 0 errors, 0 left on base; Auburn 0 - Georgetown 0
BOTTOM OF THE 8TH
Georgetown Hoyas batting - Pitching for Auburn Tigers : RHP Dave Rogers
Batting: RHB Ben Bradley 0-0: Ball
1-0: Ball
2-0: Ball
3-0: Called Strike
3-1: Base on Balls
Batting: LHB Boyd Boone 0-0: Called Strike
0-1: Ball
1-1: Fly out, F9 (Flyball, 9D)
Batting: RHB Andrew Wolf 0-0: Ball
1-0: Foul Ball, location: 2F
1-1: Ground out U3 (Groundball, 3S)
Ben Bradley to second
Batting: LHB Doug Reed 0-0: Called Strike
0-1: Foul Ball, location: 2F
0-2: Ball
1-2: Ball
2-2: Strikes out swinging
Bottom of the 8th over - 0 runs, 0 hits, 0 errors, 1 left on base; Auburn 0 - Georgetown 0
TOP OF THE 9TH
Auburn Tigers batting - Pitching for Georgetown Hoyas : RHP Siméon Goupil
Batting: LHB Ed Sorensen 0-0: Ball
1-0: Ball
2-0: Called Strike
2-1: Ball
3-1: Base on Balls
Pinch Runner at 1st Lou Perry:
Batting: RHB Ed McVinish 0-0: Called Strike
0-1: Ball
1-1: Ball
2-1: Fly out, F8 (Flyball, 8LM)
Batting: SHB Wayne Tressler 0-0: Ball
1-0: Foul Ball, location: 2F
1-1: Ball
2-1: Ball
3-1: Called Strike
3-2: Strikes out swinging
Batting: RHB Mike Brown 0-0: Called Strike
Lou Perry steals 2nd base
0-1: Ball
1-1: Foul Ball, location: 2F
1-2: Foul Ball, location: 2F
1-2: Ball
2-2: Foul Ball, location: 2F
2-2: Ball
3-2: Base on Balls
Batting: LHB Jeremiah Harrison 0-0: Ball
1-0: Called Strike
1-1: Foul Ball, location: 2F
1-2: Strikes out swinging
Top of the 9th over - 0 runs, 0 hits, 0 errors, 2 left on base; Auburn 0 - Georgetown 0
BOTTOM OF THE 9TH
Georgetown Hoyas batting - Pitching for Auburn Tigers : RHP Dave Rogers
Now at 1B: John MacGregor
Batting: SHB Tommy Goodman 0-0: Ground out 4-3 (Groundball, 4)
Batting: RHB Fred Mitchell 0-0: Foul Ball, location: 2F
0-1: Fly out, F7 (Flyball, 78D)
Batting: RHB Vicente Correa 0-0: Swinging Strike
0-1: Ball
1-1: Swinging Strike
1-2: Strikes out looking
Bottom of the 9th over - 0 runs, 0 hits, 0 errors, 0 left on base; Auburn 0 - Georgetown 0
TOP OF THE 10TH
Auburn Tigers batting - Pitching for Georgetown Hoyas : RHP Siméon Goupil
Batting: RHB Terry Cochrane 0-0: Called Strike
0-1: Called Strike
0-2: Strikes out swinging
Batting: LHB José Mendoza 0-0: Foul Ball, location: 2F
0-1: Foul Ball, location: 2F
0-2: Ball
1-2: Foul Ball, location: 2F
1-2: Ball
2-2: Foul Ball, location: 2F
2-2: Strikes out swinging, 2-3 out at first.
Pitching: LHP Jude Maddox
Batting: LHB Armando Vázquez 0-0: Ball
1-0: Ball
2-0: Called Strike
2-1: SINGLE (Groundball, 6MD)
Batting: LHB Emmett Logan 0-0: Ball
1-0: Called Strike
1-1: Ball
2-1: Ball
Armando Vázquez steals 2nd base
3-1: Called Strike
3-2: Strikes out swinging
Top of the 10th over - 0 runs, 1 hit, 0 errors, 1 left on base; Auburn 0 - Georgetown 0
BOTTOM OF THE 10TH
Georgetown Hoyas batting - Pitching for Auburn Tigers : RHP Dave Rogers
Pitching: RHP Michael Milicent
Batting: RHB José Díaz 0-0: Called Strike
0-1: Foul Ball, location: 2F
0-2: Ball
1-2: Ball
2-2: Foul Ball, location: 2F
2-2: Ball
3-2: Foul Ball, location: 2F
3-2: Foul Ball, location: 2F
3-2: Foul Ball, location: 2F
3-2: SOLO HOME RUN (Flyball, 7D), Distance : 345 ft
Saturday, April 7th, 2018 - OOTP Baseball 18.8 Build 76